 Dungeon Crawl Stone Soup version 0.20.1-1-g8b1a95d (webtiles) character file.

55 vishdafish the Ruffian (level 3, 0/36 HPs)
             Began as a Troll Monk on July 7, 2017.
             Slain by Crazy Yiuf
             ... wielding a +2 quarterstaff of chaos
              (2 damage)
             ... on level 3 of the Dungeon.
             The game lasted 00:02:01 (1029 turns).

vishdafish the Ruffian (Troll Monk)                 Turns: 1029, Time: 00:02:01

Health: 0/36       AC:  5    Str: 20    XL:     3   Next: 67%
Magic:  2/2        EV: 10    Int:  6    God:
Gold:   57         SH:  0    Dex: 12    Spells: 2/2 levels left

rFire    + . .     SeeInvis .     - Unarmed
rCold    . . .     Gourm    +   (no shield)
rNeg     . . .     Faith    .   a - +0 robe
rPois    .         Spirit   .   (helmet restricted)
rElec    .         Reflect  .   (no cloak)
rCorr    .         Harm     .   (gloves unavailable)
MR       .....                  (boots unavailable)
Stlth    +.........             l - amulet of the gourmand
Regen    0.6/turn               d - ring of protection from fire
MPRegen  0.1/turn               m - ring of flight

@: drained
A: unfitting armour, claws 3, fast metabolism 3, gourmand, regeneration 1,
shaggy fur 1, tough skin 2
a: Evoke Flight


You were on level 3 of the Dungeon.
You were very hungry.

You visited 1 branch of the dungeon, and saw 3 of its levels.

You collected 57 gold pieces.

Inventory:

Armour
 a - a +0 robe (worn)
Jewellery
 d - a ring of protection from fire (left claw)
 l - an amulet of the gourmand (around neck)
 m - a ring of flight (right claw)
Scrolls
 j - a scroll of random uselessness {unknown}
 k - a scroll of recharging {unknown}
 p - a scroll of remove curse {unknown}
 r - a scroll of identify {unknown}
Potions
 c - a potion of berserk rage {unknown}
 e - 2 potions of resistance {unknown}
 g - a potion of flight {unknown}
 h - 3 potions of curing {unknown}
 i - a potion of lignification {unknown}
 n - 2 potions of haste {unknown}
 q - a potion of might {unknown}
Books
 o - a book of Misfortune

   Spells                             Type                      Level
   a - Confusing Touch                Hexes                        1
   b - Confuse                        Hexes                        3
   c - Gell's Gravitas                Translocation                3
   d - Petrify                        Transmutation/Earth          4
   e - Metabolic Englaciation         Hexes/Ice                    5
   f - Yara's Violent Unravelling     Hexes/Transmutation          5
Comestibles
 b - 5 bread rations
 f - 2 fruits


   Skills:
 + Level 2.9(2.6) Fighting
 + Level 2.8(2.6) Dodging
 + Level 1.1(0.8) Stealth
 + Level 3.7(3.4) Unarmed Combat


You had 2 spell levels left.
You didn't know any spells.

Dungeon Overview and Level Annotations

Branches:
Dungeon (3/15)

Altars:

Annotations:
D:2 Sigmund
D:3 Crazy Yiuf


Innate Abilities, Weirdness & Mutations

You are too large for most types of armour.
You have claws for hands.
Your metabolism is lightning-fast.
You like to eat raw meat.
Your natural rate of healing is unusually fast.
You are covered in fur. (AC +1)
You have very tough skin. (AC +2)


Message History

You slide downwards.
The hatch slams shut behind you.
A rat comes into view.
Found a faded altar of an unknown god.
You barely miss Crazy Yiuf.
Crazy Yiuf splashes around in the water.
You completely miss Crazy Yiuf. You scratch Crazy Yiuf.
Crazy Yiuf is lightly wounded.
Crazy Yiuf hits you with a quarterstaff of chaos!
* * * LOW HITPOINT WARNING * * *
Crazy Yiuf freezes you.
* * * LOW HITPOINT WARNING * * *
The rat twitches its whiskers.
Okay, then.
You barely miss Crazy Yiuf.
Crazy Yiuf is lightly wounded.
Crazy Yiuf hits you with a quarterstaff of chaos.
* * * LOW HITPOINT WARNING * * *
You feel drained.
You die...

# .# ##. .. #
########.#.###.
≈...≈≈≈g.≈.r≈..
.≈≈...≈@.≈≈.≈#
.≈≈≈≈≈≈≈≈≈≈.≈#
..≈≈≈≈≈≈≈≈≈≈.#
.≈≈≈≈≈≈≈≈≈≈.≈#
≈≈≈≈≈...≈≈≈..#
..≈≈≈≈_≈≈≈≈≈.#
.≈≈≈≈≈.≈≈≈≈≈..#
..≈≈≈≈≈≈≈≈≈≈≈##


You could see Crazy Yiuf and a rat.

Vanquished Creatures
  A gnoll (D:1)
  An adder (D:2)
  2 worms
  3 leopard geckos
  6 goblins
  2 hobgoblins (D:1)
  6 bats
  2 frilled lizards (D:1)
  3 kobolds
  3 rats
29 creatures vanquished.

Notes
Turn   | Place    | Note
-------+----------+-------------------------------------------
     0 | D:1      | vishdafish the Troll Monk began the quest for the Orb.
     0 | D:1      | Reached XP level 1. HP: 22/22 MP: 0/0
   296 | D:1      | Reached XP level 2. HP: 21/29 MP: 1/1
   507 | D:1      | Reached XP level 3. HP: 23/36 MP: 2/2
   920 | D:2      | Found a runed door.
   983 | D:2      | Noticed Crazy Yiuf
   983 | D:2      | Noticed Sigmund
  1025 | D:3      | Found a faded altar of an unknown god.
  1029 | D:3      | Slain by Crazy Yiuf

Action                   || total
-------------------------++-------
Melee: Unarmed           ||    85
       Punch             ||     3
 Stab: Sleeping          ||     2
  Eat: Chunk             ||     5
Armor: Robe              ||    40
Dodge: Dodged            ||    51
